 Dungeon Crawl Stone Soup version 0.29.1-1-gd02db6906a (webtiles) character file.

Game seed: 15342132897414371648

7245 QueenGhuleh the Cleaver (level 10, -4/91 HPs)
             Began as a Minotaur Berserker on Sept 15, 2022.
             Was an Elder of Trog.
             Killed from afar by a deep elf pyromancer (25 damage)
             ... with a bolt of fire
             ... on level 8 of the Dungeon on Sept 19, 2022.
             The game lasted 00:20:40 (8079 turns).

QueenGhuleh the Cleaver (Minotaur Berserker)        Turns: 8079, Time: 00:20:41

Health: -4/91      AC: 15    Str: 26    XL:     10   Next: 88%
Magic:  0/9        EV:  9    Int:  4    God:    Trog [****..]
Gold:   490        SH:  0    Dex: 10    Spells: 9/9 levels left

rFire   . . .      SeeInvis .   s - +0 battleaxe
rCold   . . .      Faith    .   (shield currently unavailable)
rNeg    . . .      Spirit   .   E - +0 plate armour
rPois   .          Reflect  .   (helmet restricted)
rElec   .          Harm     .   (no cloak)
rCorr   .          Rampage  .   (no gloves)
Will    ++...                   (no boots)
Stlth   ..........              p - amulet of regeneration
HPRegen 2.05/turn               (no ring)
MPRegen 0.11/turn               (no ring)

@: strong-willed, on berserk cooldown, regenerating, slowed, very slow
A: horns 2, retaliatory headbutt
a: Renounce Religion, Berserk, Trog's Hand, Brothers in Arms


You were on level 8 of the Dungeon.
You worshipped Trog.
Trog was greatly pleased with you.
You visited 1 branch of the dungeon, and saw 8 of its levels.

You collected 525 gold pieces.
You spent 35 gold pieces at shops.

Inventory:

Hand Weapons
 s - a +0 battleaxe (weapon)
 y - a +2 vampiric war axe
Armour
 E - a +0 plate armour (worn)
Jewellery
 p - an amulet of regeneration (around neck)
 A - a ring of resist corrosion
 F - a ring of positive energy
Wands
 u - a wand of flame (23)
 x - a wand of charming (5)
 C - a wand of iceblast (10)
 D - a wand of quicksilver (11)
Scrolls
 b - 3 scrolls of fog {unknown}
 c - 2 scrolls of amnesia {unknown}
 d - 8 scrolls of teleportation {unknown}
 e - 10 scrolls of identify {unknown}
 j - 2 scrolls of torment {unknown}
 k - a scroll of enchant armour {unknown}
 l - a scroll of immolation {unknown}
 m - a scroll of magic mapping {unknown}
 n - 2 scrolls of noise {unknown}
 q - a scroll of silence {unknown}
 r - a scroll of vulnerability {unknown}
 z - 3 scrolls of fear {unknown}
 B - a scroll of enchant weapon {unknown}
Potions
 a - a potion of degeneration {unknown}
 f - 4 potions of heal wounds {unknown}
 g - 2 potions of mutation {unknown}
 h - 6 potions of curing
 i - a potion of ambrosia {unknown}
 t - a potion of resistance {unknown}
 v - a potion of brilliance {unknown}
 w - 2 potions of lignification {unknown}


   Skills:
 + Level 9.4 Fighting
 + Level 13.6 Axes
 + Level 11.4 Armour
 + Level 4.3 Dodging
 + Level 1.8 Stealth


You had 9 spell levels left.
You didn't know any spells.
Your spell library was empty.

Dungeon Overview and Level Annotations

Branches:
Dungeon (8/15)             Temple (0/1) D:4
   Lair: D:8-11

Altars:
Cheibriados
Elyvilon
Fedhas
Hepliaklqana
Kikubaaqudgha
Okawaru
Qazlal
Trog

Shops:
D:4 (

Annotations:
D:5 2 transporters, TheBeaver's ghost, weakling DsDe
D:8 Maurice


Innate Abilities, Weirdness & Mutations

You have a pair of horns on your head.
You reflexively headbutt those who attack you in melee.


Message History

You hear a zap.
A puff of flame appears from out of thin air!
The puff of flame hits you!
The deep elf pyromancer hits you with the +8 Wrath of Trog {antimagic, *Rage Rampage}!
You feel your power leaking away.
You are too injured to fight recklessly!
You are too injured to fight recklessly!
You are too injured to fight recklessly!
You are too injured to fight recklessly!
You're still recovering from your berserk rage.
Your skin crawls.
You feel strong-willed.
The deep elf pyromancer casts a spell at you.
The sticky flame hits you but does no damage.
You are covered in liquid flames!
Something hits you but does no damage.
You hit the deep elf pyromancer.
The deep elf pyromancer is heavily wounded.
You slash something!
You are covered in liquid flames!
The deep elf pyromancer hits you with the +8 Wrath of Trog {antimagic, *Rage Rampage}!
* * * LOW HITPOINT WARNING * * *
You feel your power leaking away. Something hits you but does no damage.
The deep elf pyromancer mumbles some strange words.
The deep elf pyromancer blinks!
Something hits you.
* * * LOW HITPOINT WARNING * * *
Something steals your scroll labelled UPLIUFAB TUEQE!
Found five items.
You are covered in liquid flames!
* * * LOW HITPOINT WARNING * * *
You are no longer on fire.
You hear a zap.
A puff of flame appears from out of thin air!
The puff of flame hits you but does no damage.
Something hits you but does no damage.
The deep elf pyromancer casts a spell at you.
The bolt of fire hits you!!
You die...

#..# ##.....##.†.##)....## #...
#.## ##..###.......#.###..## ##..
#.# #..## ##.#(#.##.# ##..# #..
#.# #.## #.###....# ##.# #.. ..#
#.# #.....#### #.# #..
.#####.#########'#########.#####.
.#...#.#...#...){†...##........#.
.#.#.....#.#.#.#.#e#.#.##......#.
.#..##.##..#....@....#.#.##....#.
.##.#.#.#[###.......##..#..###(#
)')..#.#...+.#..}..#.+..#.#...#+
)##.#.#.#.####.....###...#.###.#
.#..##.##..# /.....? #...#.#..##.
.#.#.....#.#()$#.#$/!#...#.#.#.#.
.#...#.#...#$$!#.#?[)#...)#.#.[#.
.#####.#########+#########.#####.
..# #.# #..##..# #†# #..


You could see a deep elf pyromancer.

Vanquished Creatures
  A catoblepas (D:8)
  A centaur warrior (D:8)
  A skeletal warrior (D:8)
  The ghost of cbfl8 the Cleaver, a novice MiBe of Trog (D:7)
  Maggie (D:6)
  Grinder (D:5)
  A wyvern (D:8)
  A yak (D:8)
  A steam dragon (D:8)
  Grum (D:8)
  3 water moccasins
  2 ice beasts
  4 orc warriors
  2 sky beasts (D:8)
  4 ogres
  2 wolves (D:8)
  4 centaurs
  2 phantoms (D:4)
  A kobold brigand (D:8)
  Blork the orc (D:6)
  2 bullfrogs (D:8)
  A gnoll sergeant (D:5)
  5 scorpions
  A necrophage (D:8)
  6 wights (D:8)
  3 hounds
  5 jellies
  3 orc priests
  Crazy Yiuf (D:5)
  5 iguanas
  11 orc wizards
  Natasha (thrice) (D:2)
  Ijyb (D:5)
  5 gnolls (D:5)
  8 adders
  2 white imps
  2 dart slugs
  17 orcs
  6 ball pythons
  3 bats
  4 endoplasms
  3 giant cockroaches
  11 goblins
  3 hobgoblins
  2 jackals (D:2)
  3 quokkas
  3 frilled lizards
  5 kobolds
  5 rats
164 creatures vanquished.

Vanquished Creatures (others)
  A gnoll (D:8)
  A withered plant (D:1)
2 creatures vanquished.

Grand Total: 166 creatures vanquished

Notes
Turn   | Place    | Note
-------+----------+-------------------------------------------
     0 | D:1      | QueenGhuleh the Minotaur Berserker began the quest for the
                  | Orb.
     0 | D:1      | Reached XP level 1. HP: 19/19 MP: 0/0
    49 | D:1      | Found a faded altar of an unknown god.
   120 | D:1      | Reached skill level 4 in Axes
   443 | D:1      | Reached XP level 2. HP: 27/27 MP: 1/1
   989 | D:2      | Noticed Natasha
   998 | D:2      | Killed Natasha
   999 | D:2      | Reached XP level 3. HP: 10/33 MP: 2/2
  1681 | D:2      | Noticed Natasha
  1692 | D:2      | Killed Natasha
  1693 | D:2      | Reached XP level 4. HP: 21/41 MP: 3/3
  1785 | D:2      | Noticed Natasha
  1791 | D:2      | Killed Natasha
  1792 | D:2      | Reached skill level 5 in Axes
  2133 | D:3      | Reached XP level 5. HP: 29/47 MP: 4/4
  2425 | D:3      | Reached skill level 1 in Stealth
  2638 | D:3      | Reached ** piety under Trog
  2868 | D:4      | Reached XP level 6. HP: 41/55 MP: 5/5
  2993 | D:4      | Reached skill level 5 in Fighting
  2993 | D:4      | Reached skill level 6 in Axes
  3333 | D:4      | Found Ocwoew's Weapon Shoppe.
  3351 | D:4      | Bought a +0 war axe for 35 gold pieces
  3370 | D:4      | Found a staircase to the Ecumenical Temple.
  3641 | D:4      | Reached XP level 7. HP: 52/61 MP: 6/6
  3885 | D:4      | Found a white marble altar of Elyvilon.
  3887 | D:4      | Found an ancient bone altar of Kikubaaqudgha.
  3887 | D:4      | Found an iron altar of Okawaru.
  3889 | D:4      | Found a stormy altar of Qazlal.
  3891 | D:4      | Found a snail-covered altar of Cheibriados.
  3891 | D:4      | Found a hazy altar of Hepliaklqana.
  3895 | D:4      | Found a blossoming altar of Fedhas.
  3991 | D:5      | Entered Level 5 of the Dungeon
  3991 | D:5      | Noticed Grinder
  4012 | D:5      | Killed Grinder
  4013 | D:5      | Reached skill level 7 in Axes
  4013 | D:5      | Reached skill level 5 in Armour
  4110 | D:5      | Found a transporter.
  4115 | D:5      | Noticed TheBeaver's ghost (weakling DsDe)
  4214 | D:5      | Reached skill level 8 in Axes
  4277 | D:5      | Reached XP level 8. HP: 70/70 MP: 7/7
  4423 | D:5      | Noticed Ijyb
  4433 | D:5      | Killed Ijyb
  4517 | D:5      | HP: 2/70 [gnoll/+0 spear[a gnoll sergeant] (5)]
  4585 | D:5      | Found a transporter.
  4637 | D:5      | Found a runed translucent door.
  4638 | D:5      | Noticed Crazy Yiuf
  4775 | D:5      | Killed Crazy Yiuf
  4885 | D:6      | Reached skill level 9 in Axes
  5031 | D:6      | Reached *** piety under Trog
  5278 | D:6      | Noticed Maggie
  5292 | D:6      | Killed Maggie
  5293 | D:6      | Reached skill level 10 in Axes
  5293 | D:6      | Reached XP level 9. HP: 70/79 MP: 8/8
  5549 | D:6      | Noticed Blork the orc
  5554 | D:6      | Killed Blork the orc
  6301 | D:7      | Found a bloodstained altar of Trog.
  6682 | D:7      | Found a large runed translucent door.
  6696 | D:7      | Found a large runed translucent door.
  6710 | D:7      | Noticed cbfl8's ghost (novice MiBe)
  7200 | D:7      | Killed cbfl8's ghost
  7201 | D:7      | Reached skill level 11 in Axes
  7397 | D:8      | Reached **** piety under Trog
  7585 | D:8      | Reached XP level 10. HP: 58/88 MP: 9/9
  7592 | D:8      | Reached skill level 12 in Axes
  7663 | D:8      | Reached skill level 10 in Armour
  8026 | D:8      | Noticed Grum
  8032 | D:8      | Killed Grum
  8062 | D:8      | Noticed a skeletal warrior
  8062 | D:8      | Noticed a catoblepas
  8062 | D:8      | Noticed a deep elf pyromancer
  8062 | D:8      | Noticed a centaur warrior
  8062 | D:8      | Noticed Maurice
  8066 | D:8      | Killed a centaur warrior
  8067 | D:8      | Reached skill level 13 in Axes
  8070 | D:8      | Killed a skeletal warrior
  8070 | D:8      | Killed a catoblepas
  8079 | D:8      | Killed from afar by a deep elf pyromancer

Illustrated notes

Levels and vault maps discovered:
D:1:      lightli_arrival_maybe_door_vault, layout_loops_ring,
          ebering_ecumenical_altar_petrified
D:2:      layout_loops_corners, uniq_natasha
D:3:      layout_basic, grunt_ministairs_10
D:4:      layout_gridville, grunt_temple_overflow_open,
          minmay_temple_entry_enclosed_plants, serial_shops, shop_fountains
D:5:      layout_loops_ring, gammafunk_ghost_mausoleum, uniq_ijyb,
          uniq_crazy_yiuf_cottage, uniq_grinder
D:6:      layout_layer_cave, uniq_blork_the_orc, uniq_maggie
D:7:      layout_loops_corners, trog_hazing_becter, ebering_ghost_disaster_area,
          dreamdust_princess_bridge, chequers_serial_rivers_small_3,
          amcnicky_mini_corridor_feature, eino_curves_04
D:8:      minmay_the_grid_plus_closed [minmay_the_grid_odd_star,
          minmay_the_grid_minigrid_medium, minmay_the_grid_small_cups,
          minmay_the_grid_expand, minmay_the_grid_prize_big_room], layout_basic,
          uniq_grum, uniq_maurice

Skill      XL: |  1  2  3  4  5  6  7  8  9 10 |
---------------+-------------------------------+-----
Axes           | 4 5 6 8 10 11 13 | 13.6
Fighting       | 4 5 6 7 8 9 |  9.4
Armour         | 3 4 5 7 9 11 | 11.4
Stealth        | 1 |  1.8
Dodging        | 3 4 |  4.3

Action                   |  1- 3 |  4- 6 |  7- 9 | 10-12 || total
-------------------------+-------+-------+-------+-------++-------
Melee: Hand axe          |    53 |    95 |       |       ||   148
       Headbutt          |     2 |     9 |    33 |    13 ||    57
       Punch             |       |     2 |     3 |       ||     5
       War axe           |       |    30 |   258 |    28 ||   316
       Battleaxe         |       |       |       |    46 ||    46
Invok: Berserk           |     2 |     1 |     4 |     3 ||    10
       Trog's Hand       |       |       |       |     1 ||     1
 Stab: Sleeping          |     1 |       |       |       ||     1
Armor: Animal skin       |     9 |       |       |       ||     9
       Ring mail         |     2 |    43 |       |       ||    45
       Chain mail        |       |       |   112 |       ||   112
       Plate armour      |       |       |    20 |    48 ||    68
Dodge: Dodged            |    26 |    79 |   113 |    31 ||   249
